 Dungeon Crawl Stone Soup version 0.28.0-1-gb440e238dd (webtiles) character file.

Game seed: 15646618268165856078

436 Kaptain the Digger (level 7, 0/44 HPs)
             Began as an Octopode Earth Elementalist on Feb 20, 2022.
             Slain by a centaur warrior zombie (3 damage)
             ... on level 5 of the Dungeon.
             The game lasted 00:12:22 (4736 turns).

Kaptain the Digger (Octopode Earth Elementalist)    Turns: 4736, Time: 00:12:23

Health: 0/44       AC:  1    Str:  7    XL:     7   Next: 1%
Magic:  3/12       EV: 13    Int: 20    God:
Gold:   306        SH:  0    Dex: 12    Spells: 8/12 levels left

rFire   + . .      SeeInvis +   l - +2 halberd (venom)
rCold   . . .      Faith    .   (shield currently unavailable)
rNeg    . . .      Spirit   .   (helmet restricted)
rPois   +          Reflect  .   (no amulet)
rElec   .          Harm     .   g - ring of see invisible
rCorr   .          Rampage  .   q - ring of protection from fire
Will    .....                   i - ring of poison resistance
Stlth   +++.......              (no ring)
HPRegen 0.14/turn               (no ring)
MPRegen 0.13/turn               (no ring)
                                (no ring)
                                (no ring)

@: studying Stealth
A: almost no armour, amphibious, 8 rings, camouflage 1, gelatinous body 1,
(nimble swimmer 1), tentacles
a: no special abilities


You were on level 5 of the Dungeon.
You visited 2 branches of the dungeon, and saw 6 of its levels.

You collected 306 gold pieces.

Inventory:

Hand Weapons
 d - a +4 dagger
 l - a +2 halberd of venom (weapon)
Missiles
 b - 43 stones
Armour
 k - a +0 buckler
Magical Staves
 e - a staff of conjuration
Jewellery
 g - a ring of see invisible (left tentacle)
 i - a ring of poison resistance (on tentacle)
 q - a ring of protection from fire (right tentacle)
Wands
 f - a wand of polymorph (9)
 w - a wand of digging (8)
Scrolls
 j - 2 scrolls of fog
 m - a scroll of enchant weapon {unknown}
 p - 2 scrolls of holy word {unknown}
 r - a scroll of teleportation {unknown}
 t - a scroll of acquirement {unknown}
 u - a scroll of magic mapping {unknown}
 v - 4 scrolls of identify
Potions
 a - 2 potions of haste
 h - 2 potions of might
 n - 2 potions of flight
 o - 2 potions of berserk rage
 s - a potion of degeneration


   Skills:
 + Level 1.8 Fighting
 + Level 2.9 Dodging
 + Level 4.1 Stealth
 + Level 1.7 Shields
 * Level 3.4 Spellcasting
 * Level 2.6 Conjurations
 - Level 1.0 Transmutations
 * Level 4.4 Earth Magic


You had 8 spell levels left.
You knew the following spells:

 Your Spells              Type           Power      Damage    Failure   Level
a - Sandblast             Erth           42%        2d11      2%          1
b - Stone Arrow           Conj/Erth      34%        3d9       10%         3

Your spell library contained the following spells:

 Spells                   Type           Power      Damage    Failure   Level
 Passwall                 Tmut/Erth      11%        N/A       7%          2
 Petrify                  Tmut/Erth      14%        N/A       41%         4
 Freezing Cloud           Conj/Ice/Air   3%         6-21      95%         5
 Simulacrum               Ice/Necr       1%         N/A       100%        6
 Polar Vortex             Ice            1%         N/A       100%        9


Dungeon Overview and Level Annotations

Branches:
Dungeon (5/15)             Temple (1/1) D:4

Altars:
Cheibriados
Dithmenos
Elyvilon
Fedhas
Gozag
Hepliaklqana
Kikubaaqudgha
Makhleb
Nemelex Xobeh
Okawaru
Qazlal
Ru
Sif Muna
Trog
Uskayaw
Vehumet
Wu Jian
Xom
Yredelemnul
Zin
The Shining One

Shops:
D:1 ([


Innate Abilities, Weirdness & Mutations

You cannot wear most types of armour.
You are amphibious.
You can wear up to eight rings at the same time.
Your skin changes colour to match your surroundings (Stealth+).
Your rubbery body absorbs attacks. (AC +1, EV +1)
((You are camouflaged when in or above water. (Stealth+)))
You have tentacles for arms and can constrict up to eight enemies at once.


Message History

You feel better.
The centaur warrior zombie barely misses you.
The centaur warrior zombie kicks you.
Unknown command.
Casting: Stone Arrow (dangerous; 10% risk of failure)
Confirm with . or Enter, or press ? or * to list all spells.
Aiming: Stone Arrow (dangerous; 10% risk of failure)
Press: ? - help, Shift-Dir - straight line, f/p - centaur warrior zombie
Aim: a centaur warrior zombie (moderately damaged, 97% to hit)
The stone arrow hits the centaur warrior zombie!
The centaur warrior zombie is moderately damaged.
The centaur warrior zombie hits you but does no damage.
The centaur warrior zombie kicks you but does no damage.
The centaur warrior zombie barely misses you.
The centaur warrior zombie closely misses you.
Casting: Stone Arrow (dangerous; 10% risk of failure)
Confirm with . or Enter, or press ? or * to list all spells.
Aiming: Stone Arrow (dangerous; 10% risk of failure)
Press: ? - help, Shift-Dir - straight line, f/p - centaur warrior zombie
Aim: a centaur warrior zombie (moderately damaged, 97% to hit)
The stone arrow hits the centaur warrior zombie!
The centaur warrior zombie is heavily damaged.
The centaur warrior zombie hits you. The centaur warrior zombie misses you.
Unknown command.
Casting: Stone Arrow (dangerous; 10% risk of failure)
Confirm with . or Enter, or press ? or * to list all spells.
Aiming: Stone Arrow (dangerous; 10% risk of failure)
Press: ? - help, Shift-Dir - straight line, f/p - centaur warrior zombie
Aim: a centaur warrior zombie (heavily damaged, 97% to hit)
The stone arrow hits the centaur warrior zombie!
The centaur warrior zombie is heavily damaged.
The centaur warrior zombie hits you.
* * * LOW HITPOINT WARNING * * *
The centaur warrior zombie kicks you.
* * * LOW HITPOINT WARNING * * *
Okay, then.
The centaur warrior zombie hits you.
* * * LOW HITPOINT WARNING * * *
The centaur warrior zombie kicks you.
You die...

#.###.#
#.#######.#
...##.# #.# #.#
....#.# #.#
####.# ......#
#.# #..#.#
......# #.#
#..#.# .....##
#.# #..#.#
....## #.#
#..#.# ....#
#.####..#.#
....#
#......Z@.#
#....
..##.#..........
###..
.............
##)..#########
###( #. #. #.


You could see a centaur warrior zombie.

Vanquished Creatures
  A sky beast (D:3)
  A howler monkey (D:5)
  Jessica (D:3)
  Natasha (twice) (D:2)
  An orc wizard (D:3)
  An iguana (D:4)
  4 gnolls (D:4)
  2 adders
  An ufetubus (D:4)
  3 worms
  The ghost of fly the Sneak, a weakling FoDe (D:4)
  2 dart slugs
  4 orcs (D:3)
  6 ball pythons
  7 endoplasms
  3 giant cockroaches
  8 goblins
  5 hobgoblins
  8 jackals
  4 quokkas
  6 bats
  6 frilled lizards
  6 kobolds
  2 rats
85 creatures vanquished.

Vanquished Creatures (collateral kills)
  2 gnolls (D:4)
2 creatures vanquished.

Vanquished Creatures (others)
  6 plants (D:4)
6 creatures vanquished.

Grand Total: 93 creatures vanquished

Notes
Turn   | Place    | Note
-------+----------+-------------------------------------------
     0 | D:1      | Kaptain the Octopode Earth Elementalist began the quest for
                  | the Orb.
     0 | D:1      | Reached XP level 1. HP: 11/11 MP: 3/3
    73 | D:1      | Found Opige's Antique Weapon Shoppe.
    74 | D:1      | Found Okhlua's Antique Armour Boutique.
   182 | D:1      | Reached XP level 2. HP: 17/17 MP: 5/5
   204 | D:1      | Found a faded altar of an unknown god.
  1030 | D:2      | Reached XP level 3. HP: 22/22 MP: 6/6
  1034 | D:2      | Learned a level 3 spell: Stone Arrow
  1191 | D:2      | Noticed Natasha
  1200 | D:2      | Killed Natasha
  1201 | D:2      | Reached skill level 1 in Conjurations
  1201 | D:2      | Reached XP level 4. HP: 18/27 MP: 1/7
  1465 | D:2      | Noticed Natasha
  1473 | D:2      | Killed Natasha
  1474 | D:2      | Reached skill level 1 in Fighting
  1940 | D:3      | Reached XP level 5. HP: 33/33 MP: 6/9
  1944 | D:3      | Reached skill level 1 in Shields
  2087 | D:3      | Found the +7 Kryia's mail coat {PotionHeal*2 rC+}
  2318 | D:3      | Noticed Jessica
  2376 | D:3      | Killed Jessica
  3028 | D:4      | Noticed a sky beast
  3042 | D:3      | Killed a sky beast
  3043 | D:3      | Reached XP level 6. HP: 21/38 MP: 4/10
  3192 | D:4      | Noticed fly's ghost (weakling FoDe)
  3203 | D:4      | Found a transporter.
  3211 | D:4      | Found a transporter.
  3952 | D:4      | Found a staircase to the Ecumenical Temple.
  3961 | Temple   | Entered the Ecumenical Temple
  4310 | D:4      | Killed fly's ghost
  4612 | D:5      | Entered Level 5 of the Dungeon
  4671 | D:5      | Reached XP level 7. HP: 41/44 MP: 12/12
  4736 | D:5      | Slain by a centaur warrior zombie

Illustrated notes

Levels and vault maps discovered:
D:1:      dpeg_arrival_erosion, layout_basic, ebering_ecumenical_altar_webs,
          serial_shops, shop, nicolae_shop_advertising_works
          [nicolae_subvault_shop_adworks]
D:2:      layout_basic, chequers_serial_rivers_micro_b, uniq_natasha
D:3:      layout_basic, kennysheep_generic_room_10, uniq_jessica
D:4:      layout_gridville, lemuel_temple_firewalk_a,
          gammafunk_ghost_gnarly_gnolls
D:5:      layout_loops_ring
Temple:   kilobyte_greek_temple

Skill      XL: |  1  2  3  4  5  6 |
---------------+-------------------+-----
Stealth        | 3 4 |  4.1
Conjurations   | 1 2 |  2.6
Fighting       | 1 |  1.8
Shields        | 1 |  1.7
Spellcasting   | 3 |  3.4
Earth Magic    | 4 |  4.4
Dodging        | |  2.9
Transmutations | |  1.0

Action                   |  1- 3 |  4- 6 |  7- 9 || total
-------------------------+-------+-------+-------++-------
Melee: Dagger            |    22 |    57 |       ||    79
       Tentacles         |     7 |    11 |       ||    18
       Constrict         |     5 |    12 |       ||    17
       Unarmed           |       |     8 |       ||     8
       Halberd           |       |     2 |     4 ||     6
 Cast: Sandblast         |    17 |    48 |       ||    65
       Stone Arrow       |       |     1 |     3 ||     4
  Use: Scroll            |     4 |     5 |       ||     9
       Potion            |       |     2 |     1 ||     3
 Stab: Sleeping          |     6 |    10 |     1 ||    17
Armor: Skin              |       |     4 |     2 ||     6
Dodge: Dodged            |    18 |    59 |     9 ||    86
